 Dungeon Crawl Stone Soup version 0.27-a0-661-gca034ae587 (webtiles) character file.

Game seed: 5823342206356033864

686 Ulle the Cudgeller (level 7, 0/67 HPs)
             Began as a Troll Gladiator on Mar 17, 2021.
             Was a Believer of Yredelemnul.
             Slain by Eustachio
             ... wielding a +0 rapier
              (11 damage)
             ... on level 5 of the Dungeon.
             The game lasted 00:09:22 (4588 turns).

Ulle the Cudgeller (Troll Gladiator)                Turns: 4588, Time: 00:09:23

Health: 0/67       AC:  5    Str: 30    XL:     7   Next: 35%
Magic:  6/6        EV: 11    Int:  4    God:    Yredelemnul [**....]
Gold:   221        SH:  0    Dex: 12    Spells: 6/6 levels left

rFire    . . .     SeeInvis .   a - +0 flail
rCold    . . .     Faith    .   (no shield)
rNeg     . . .     Spirit   .   b - +0 robe
rPois    .         Reflect  .   c - +0 hat
rElec    .         Harm     .   r - +0 cloak
rCorr    .         Rampage  .   (gloves unavailable)
Will     .....                  (boots unavailable)
Stlth    +.........             i - amulet of the acrobat
HPRegen  1.21/turn              g - +6 ring of strength
MPRegen  0.10/turn              (no ring)

@: no status effects
A: large, unfitting armour, claws 3, regeneration 1, shaggy fur 1, tough skin 1
a: Renounce Religion, Animate Remains, Recall Undead Slaves, Injury Mirror


You were on level 5 of the Dungeon.
You worshipped Yredelemnul.
Yredelemnul was pleased with you.
You visited 1 branch of the dungeon, and saw 5 of its levels.

You collected 221 gold pieces.

Inventory:

Hand Weapons
 a - a +0 flail (weapon)
Missiles
 d - 3 throwing nets (quivered)
 e - 62 arrows
 p - 3 boomerangs
Armour
 b - a +0 robe (worn)
 c - a +0 hat (worn)
 r - a +0 cloak (worn)
Jewellery
 g - a +6 ring of strength (right claw)
 i - an amulet of the acrobat (around neck)
Wands
 n - a wand of polymorph (2)
 o - a wand of mindburst (12)
 u - a wand of iceblast (11)
 w - a wand of digging (1)
Scrolls
 j - a scroll of fog
 l - a scroll of blinking
 y - a scroll of teleportation
Potions
 f - a potion of magic
 h - a potion of brilliance
 k - a potion of ambrosia {unknown}
 m - 4 potions of curing {unknown}
 s - a potion of haste {unknown}
 t - 2 potions of cancellation {unknown}
 v - a potion of might {unknown}
 x - a potion of heal wounds {unknown}
 z - a potion of mutation {unknown}


   Skills:
 + Level 3.5 Fighting
 + Level 5.9 Maces & Flails
 + Level 2.0 Throwing
 + Level 3.8 Dodging
 + Level 0.4 Stealth
 + Level 0.1 Unarmed Combat


You had 6 spell levels left.
You didn't know any spells.
Your spell library contained the following spells:

 Spells                   Type           Power      Damage    Failure   Level
 Beastly Appendage        Tmut           0%         N/A       50%         1
 Wereblood                Tmut           0%         N/A       65%         2
 Spider Form              Tmut/Pois      0%         N/A       86%         3
 Ice Form                 Ice/Tmut       0%         N/A       99%         4
 Blade Hands              Tmut           0%         N/A       100%        5


Dungeon Overview and Level Annotations

Branches:
Dungeon (5/15)             Temple (0/1) D:5

Altars:
Ashenzari
Gozag
Qazlal
Trog
Wu Jian
Yredelemnul
Zin

Annotations:
D:5 Eustachio


Innate Abilities, Weirdness & Mutations

You are too large for most types of armour.
You have claws for hands.
Your natural rate of healing is unusually fast.
You are covered in fur. (AC +1)
You have tough skin. (AC +1)


Message History

You barely miss Eustachio.
Eustachio is heavily wounded.
Eustachio brags, "I can call spirits from the vasty deep."
Eustachio closely misses you.
The ice beast hits you but does no damage.
You closely miss Eustachio.
Eustachio is heavily wounded.
Eustachio mumbles some strange words.
The ice beast barely misses you.
You closely miss Eustachio.
Eustachio is heavily wounded.
Eustachio misses you. The ufetubus barely misses you. x2
The ice beast hits you. The ice beast freezes you!
The shadow imp hits you but does no damage.
You miss Eustachio.
Eustachio is heavily wounded.
The ufetubus barely misses you. The ufetubus closely misses you.
Eustachio calls on the powers of shadow!
Eustachio hits you but does no damage.
The ice beast hits you but does no damage.
The shadow imp hits you. The ufetubus closely misses you.
The ufetubus hits you.
You hit Eustachio.
Eustachio is heavily wounded.
Eustachio barely misses you. The ufetubus hits you.
The ufetubus closely misses you. The ice beast barely misses you.
The shadow imp closely misses you.
The crimson imp hits you but does no damage.
Eustachio barely misses you.
You closely miss Eustachio.
Eustachio is heavily wounded.
The ufetubus closely misses you. The ufetubus barely misses you.
The ice beast hits you. The ice beast freezes you!
* * * LOW HITPOINT WARNING * * *
The ufetubus closely misses you. The ufetubus hits you.
* * * LOW HITPOINT WARNING * * *
The shadow imp hits you but does no damage.
The crimson imp misses you. Eustachio hits you with a +0 rapier!
You die...
Your body rises from the dead as a mindless zombie.

###...........##
###.........#
######.).##
##)## #######..#
#........#
#.####...# #.#
#.55@#
#.###.Y@5#
#.##.##..#
#^##.##.##
#.#.###.# #...#
#.# #..## #.#
.... #..# ..#
.... ##.## .##
.... #..# .


You could see Eustachio, an ice beast, a crimson imp (summoned), a shadow imp
(summoned) and an ufetubus (summoned).

Vanquished Creatures
  A sky beast (D:5)
  A bullfrog (D:4)
  A howler monkey (D:2)
  A crimson imp (D:4)
  2 hounds
  An orc priest (D:5)
  2 centaur skeletons
  Ijyb (D:3)
  2 worker ants (D:4)
  An orc wizard (D:5)
  3 hound skeletons (D:4)
  Robin (D:2)
  5 adders
  2 white imps
  An adder skeleton (D:3)
  A leopard gecko (D:1)
  8 orcs
  2 ball pythons (D:1)
  4 giant cockroaches
  14 goblins
  11 hobgoblins
  9 jackals
  4 quokkas
  8 bats
  3 frilled lizards
  2 gnoll zombies (D:3)
  7 kobolds
  A leopard gecko skeleton (D:4)
  A quokka skeleton (D:4)
  6 rats
106 creatures vanquished.

Vanquished Creatures (others)
  2 plants (D:2)
2 creatures vanquished.

Grand Total: 108 creatures vanquished

Notes
Turn   | Place    | Note
-------+----------+-------------------------------------------
     0 | D:1      | Ulle the Troll Gladiator began the quest for the Orb.
     0 | D:1      | Reached XP level 1. HP: 19/19 MP: 0/0
   186 | D:1      | Reached XP level 2. HP: 28/28 MP: 1/1
   211 | D:1      | Reached skill level 3 in Maces & Flails
  1185 | D:2      | Reached XP level 3. HP: 35/35 MP: 2/2
  1414 | D:2      | Reached XP level 4. HP: 42/42 MP: 3/3
  1469 | D:2      | Found an ornate altar of the Wu Jian Council.
  1510 | D:2      | Noticed Robin
  1554 | D:2      | Killed Robin
  1555 | D:2      | Reached skill level 4 in Maces & Flails
  2203 | D:3      | Found a bloodstained altar of Trog.
  2387 | D:3      | Reached XP level 5. HP: 42/50 MP: 4/4
  2587 | D:3      | Found a glowing silver altar of Zin.
  2634 | D:3      | Found a broken altar of Ashenzari.
  2818 | D:3      | Noticed Ijyb
  2827 | D:3      | Killed Ijyb
  2844 | D:3      | Found a basalt altar of Yredelemnul.
  2893 | D:3      | Found an opulent altar of Gozag.
  3058 | D:3      | Found a faded altar of an unknown god.
  3061 | D:3      | Became a worshipper of Yredelemnul the Dark
  3061 | D:3      | Reached * piety under Yredelemnul
  3206 | D:4      | Reached XP level 6. HP: 25/59 MP: 5/5
  3653 | D:4      | Reached skill level 5 in Maces & Flails
  4053 | D:4      | Found a stormy altar of Qazlal.
  4196 | D:5      | Entered Level 5 of the Dungeon
  4202 | D:5      | Found a staircase to the Ecumenical Temple.
  4215 | D:5      | Reached XP level 7. HP: 48/67 MP: 6/6
  4222 | D:5      | Reached ** piety under Yredelemnul
  4554 | D:5      | Noticed Eustachio
  4588 | D:5      | Slain by Eustachio

Illustrated notes

Levels and vault maps discovered:
D:1:      dpeg_arrival_rhombus, layout_basic
D:2:      layout_loops_ring, general_overflow_altar, serial_forest,
          infiniplex_forest_end_1, infiniplex_forest_clump_cross,
          infiniplex_forest_clump_medium, infiniplex_forest_lined_room_,
          infiniplex_forest_clump_C, infiniplex_forest_clump_cross,
          infiniplex_forest_split, infiniplex_forest_diagonal,
          minmay_misc_feat_five, minmay_misc_feat_square,
          kennysheep_pointless_box, minmay_tromino_mix6, uniq_robin
D:3:      layout_loops_corners, pdpol_temple_overflow_zin_treasury_gozag_greed,
          bloody_trog, lemuel_crystal_altar, lemuel_zombie_altar_yredelemnul,
          chequers_ecumenical_altar_grove, uniq_ijyb
D:4:      layout_cave_pools, marbit_many_paths, grunt_ministairs_13,
          minmay_fire_ice_demons
D:5:      layout_cave_pods, lemuel_doored_altar,
          minmay_temple_entry_butterflies, basic_altar,
          corexii_item_surrounded_by_moat, uniq_eustachio, uniq_prince_ribbit1

Skill      XL: |  1  2  3  4  5  6 |
---------------+-------------------+-----
Maces & Flails | 3 4 5 |  5.9
Throwing       | 2 |  2.0
Fighting       | 2 3 |  3.5
Dodging        | 3 |  3.8
Stealth        | |  0.4
Unarmed Combat | |  0.1

Action                   |  1- 3 |  4- 6 |  7- 9 || total
-------------------------+-------+-------+-------++-------
Melee: Flail             |    96 |   252 |    62 ||   410
       Unarmed           |       |     5 |       ||     5
       Punch             |       |     1 |       ||     1
  Use: Scroll            |     3 |     7 |       ||    10
Armor: Robe              |    28 |    72 |    28 ||   128
       Skin              |       |     1 |       ||     1
Dodge: Dodged            |    88 |   201 |    58 ||   347

Table legend: (Time is in decaauts)
 A = Elapsed time spent in this place.
 B = Non-inter-level travel time spent in this place.
 C = Inter-level travel time spent in this place.
 D = Time resting spent in this place.
 E = Time spent auto-exploring this place.
 F = Levels seen in this place.
 G = Mean time per level.
                   A        B        C        D        E       F      G
               +--------+--------+--------+--------+--------+-----+--------+
         Total |   4661 |   4562 |     99 |    621 |   2792 |   5 |  932.2 |
       Dungeon |   4661 |   4562 |     99 |    621 |   2792 |   5 |  932.2 |
               +--------+--------+--------+--------+--------+-----+--------+

Top non-repeatable levels by time:
     D:2: 1085 daAuts
     D:3: 1082 daAuts
     D:4: 1062 daAuts
     D:1: 1031 daAuts
     D:5: 400 daAuts
